 Dungeon Crawl Stone Soup version 0.27.0-1-g7a089689b8 (webtiles) character file.

Game seed: 12561696263394551810

46 Anothat the Covered (level 3, -3/33 HPs)
             Began as a Minotaur Fighter on July 31, 2021.
             Slain by a gnoll (6 damage)
             ... on level 2 of the Dungeon.
             The game lasted 00:00:53 (962 turns).

Anothat the Covered (Minotaur Fighter)               Turns: 962, Time: 00:00:54

Health: -3/33      AC:  7    Str: 21    XL:     3   Next: 44%
Magic:  2/2        EV:  7    Int:  5    God:
Gold:   60         SH:  9    Dex:  9    Spells: 2/2 levels left

rFire    . . .     SeeInvis .   a - +0 war axe
rCold    . . .     Faith    .   c - +0 kite shield
rNeg     . . .     Spirit   .   b - +0 scale mail
rPois    .         Reflect  .   (helmet restricted)
rElec    .         Harm     .   (no cloak)
rCorr    .         Rampage  .   (no gloves)
Will     .....                  (no boots)
Stlth    ..........             (no amulet)
HPRegen  0.11/turn              (no ring)
MPRegen  0.08/turn              (no ring)

@: mighty
A: horns 2, retaliatory headbutt
a: no special abilities


You were on level 2 of the Dungeon.
You visited 1 branch of the dungeon, and saw 2 of its levels.

You collected 60 gold pieces.

Inventory:

Hand Weapons
 a - a +0 war axe (weapon)
Armour
 b - a +0 scale mail (worn)
 c - a +0 kite shield (worn)
Jewellery
 f - a ring of see invisible
Scrolls
 g - a scroll of brand weapon {unknown}
 h - a scroll of vulnerability {unknown}
 j - a scroll of acquirement {unknown}
Potions
 e - a potion of lignification {unknown}
 i - a potion of mutation {unknown}


   Skills:
 + Level 4.0 Fighting
 * Level 3.5 Axes
 + Level 4.1 Armour
 + Level 4.0 Shields


You had 2 spell levels left.
You didn't know any spells.
Your spell library contained the following spells:

 Spells                   Type           Power      Damage    Failure   Level
 Ignite Poison            Fire/Tmut/Pois 0%         N/A       100%        3
 Mephitic Cloud           Conj/Pois/Air  0%         N/A       100%        3
 Bolt of Magma            Conj/Fire/Erth 0%         4d4       100%        5


Dungeon Overview and Level Annotations

Branches:
Dungeon (2/15)

Altars:
Xom


Innate Abilities, Weirdness & Mutations

You have a pair of horns on your head.
You reflexively headbutt those who attack you in melee.


Message History

You headbutt the frilled lizard!!
You kill the frilled lizard!
Your Armour skill increases to level 4!
You block the gnoll's attack.
Your scale mail prevents you from hitting the gnoll.
Your headbutt misses the gnoll. The gnoll hits you with a +0 halberd.
You block the gnoll's attack.
You barely miss the gnoll. You headbutt the gnoll!
You kill the gnoll!
Your Fighting skill increases to level 4!
Your Shields skill increases to level 4!
You have reached level 3!
Your experience leads to an increase in your attributes!
Increase (S)trength, (I)ntelligence, or (D)exterity?
You feel stronger.
You barely miss the gnoll. You block the gnoll's attack.
The gnoll hits you from afar with a +0 spear.
The gnoll hits you with a +0 club.
You slash the gnoll!
The gnoll is almost dead.
You block the gnoll's attack. The gnoll hits you with a +0 club.
* * * LOW HITPOINT WARNING * * *
The gnoll hits you but does no damage.
You hit the gnoll.
You kill the gnoll!
You block the gnoll's attack. The gnoll hits you with a +0 spear.
* * * LOW HITPOINT WARNING * * *
Things that are here:
a +0 club; a +0 halberd; a gnoll corpse You slash the gnoll!
The gnoll is severely wounded.
The gnoll hits you but does no damage. The gnoll hits you with a +0 spear.
* * * LOW HITPOINT WARNING * * *
An adder comes into view.
You closely miss the gnoll.
The gnoll is severely wounded.
The adder hisses angrily.
The gnoll completely misses you. The gnoll hits you with a +0 spear.
You die... .... #....### #...... .... #.#### #...... ..... #.# ♣ #..._.. ...... #.# .♣. ##..... ......##.# PP..

#..... #.....##...♣ ###...
# #..#.....♣ ###.
..##.##.####♣♣ #.
.......rg@.S.♣ #.
........#####..# ###.###.
.####...####..............
#........# ###....###.
#..#....g... .. #.
#......#...<.. #.
#....#...g.... ..
####.......... ..
#.>##...... ...


You could see a gnoll, an adder and a rat.

Vanquished Creatures
  3 gnolls
  A giant cockroach (D:1)
  A goblin (D:1)
  2 hobgoblins (D:1)
  4 jackals (D:1)
  A quokka (D:1)
  A bat (D:2)
  2 frilled lizards
  2 rats (D:1)
17 creatures vanquished.

Notes
Turn   | Place    | Note
-------+----------+-------------------------------------------
     0 | D:1      | Anothat the Minotaur Fighter began the quest for the Orb.
     0 | D:1      | Reached XP level 1. HP: 19/19 MP: 0/0
    44 | D:1      | Reached XP level 2. HP: 18/27 MP: 1/1
   876 | D:2      | Found a shimmering altar of Xom.
   957 | D:2      | Reached XP level 3. HP: 17/33 MP: 2/2
   962 | D:2      | Slain by a gnoll

Illustrated notes

Levels and vault maps discovered:
D:1:      saegor_arrival_miasma, layout_basic
D:2:      layout_rooms, serial_forest, infiniplex_forest_3_way,
          infiniplex_forest_end_3, infiniplex_forest_zigzag_1,
          infiniplex_forest_straight_4, infiniplex_forest_lined_4_way,
          infiniplex_forest_3_way, infiniplex_forest_end_2,
          infiniplex_forest_lined_3_way, infiniplex_forest_lined_3, basic_altar,
          hellmonk_ecumenical_altar_heavens_door, corexii_hall_statues_l,
          minmay_pentomino_q2, uniq_sigmund

Skill      XL: |  1  2 |
---------------+-------+-----
Axes           | 3 |  3.5
Armour         | 4 |  4.1
Fighting       | 4 |  4.0
Shields        | 4 |  4.0

Action                   || total
-------------------------++-------
Melee: War axe           ||    47
       Headbutt          ||     7
  Use: Potion            ||     1
Armor: Scale mail        ||    22
Dodge: Dodged            ||    23
Block: Kite shield       ||    34
